WCHLSIM.com - West Coast Hockey League
html PUBLIC "-//W3C//DTD XHTML 1.0 Transitional//EN" "http://www.w3.org/TR/xhtml1/DTD/xhtml1-transitional.dtd"> WCHL - Game 790 - CALGARY FIREMEN vs BANFF WOLVES

CALGARY FIREMEN vs BANFF WOLVES

Created - 8 février 2024 at 22:47

Goals
1 2 3 T
CALGARY FIREMEN 0 0 3 3
BANFF WOLVES 1 3 0 4
Shots
1 2 3 T
CALGARY FIREMEN 5 5 15 25
BANFF WOLVES 13 10 11 34

1st period

1. BANFF WOLVES , Roope Hintz 13 (Joel Eriksson Ek 32) at 3:18

Penalties :
Timo Meier (BAN) for Interference (Minor) at 0:39, Nikita Zadorov (CGY) for High sticking (Minor) at 0:39, Timo Meier (BAN) for Roughing (Minor) at 7:58

2nd period

2. BANFF WOLVES , Adam Henrique 8 (Tyler Toffoli 19, Simon Benoit 6) at 2:58
3. BANFF WOLVES , Tyler Toffoli 21 (Roman Josi 26, Adam Henrique 9) at 11:39
4. BANFF WOLVES , Jordan Staal 7 (Roman Josi 27, Adam Henrique 10) at 17:44

Penalties :
Ryan Johansen (CGY) for Holding (Minor) at 12:57

3rd period

5. CALGARY FIREMEN , Jamie Oleksiak 6 (Jakob Silfverberg 19, Filip Forsberg 11) at 3:02
6. CALGARY FIREMEN , Ryan Johansen 12 (Mason Marchment 15) at 7:54
7. CALGARY FIREMEN , Filip Forsberg 10 (Jake McCabe 9) at 16:43

Penalties :
Filip Forsberg (CGY) for Interference (Minor) at 10:34, Mats Zuccarello (BAN) for Roughing (Minor) at 16:14, Andrej Sustr (CGY) for Holding (Minor) at 16:14

Goalie Stats

Kevin Poulin (CGY), 19 saves from 23 shots - (0,826), L, 2-11-1, 37:44 minutes
Samuel Ersson (CGY), 11 saves from 11 shots - (1,000), 21:25 minutes
Joey Daccord (BAN), 22 saves from 25 shots - (0,880), W, 2-0-0, 60:00 minutes

Players Stats for CALGARY FIREMEN

Player Name              G  A  P  +/- PIM S  H  SB GA TA FO     MP     PP MP  PK MP  
------------------------------------------------------------------------------------
Andrej Sustr             0  0  0  -1  2   0  0  0  0  0  0/0    13:59   0:00   0:22 
Brett Howden             0  0  0   0  0   1  3  1  0  0  5/12    9:25   0:00   2:16 
Colton White             0  0  0  -1  0   0  0  1  0  0  0/0    15:16   0:00   0:00 
Connor Brown             0  0  0   0  0   0  0  0  0  0  0/1     7:09   0:00   0:00 
Fabian Zetterlund        0  0  0   0  0   1  0  0  0  0  0/1     7:09   0:00   0:00 
Filip Forsberg           1  1  2   2  2   6  3  0  0  0  8/28   21:12   0:48   1:11 
Jake McCabe              0  1  1  -1  0   1  0  1  0  0  0/0    24:20   0:48   2:03 
Jakob Silfverberg        0  1  1   1  0   3  2  0  0  0  0/4    19:19   0:48   0:59 
Jamie Oleksiak           1  0  1  -1  0   4  1  4  0  0  0/0    24:20   0:48   2:03 
Jordan Oesterle          0  0  0   1  0   0  1  0  0  0  0/0    21:30   1:11   1:33 
Mason Marchment          0  1  1  -1  0   0  1  0  0  0  1/1    15:52   1:11   0:00 
Mattias Janmark-Nylen    0  0  0   1  0   2  0  0  0  0  1/1    20:24   0:48   2:04 
Michael McCarron         0  0  0  -2  0   0  2  0  0  0  0/0    11:51   0:00   0:00 
Nikita Zadorov           0  0  0   1  2   1  6  2  0  0  0/0    20:23   1:11   1:55 
Oskar Lindblom           0  0  0  -1  0   0  0  0  0  0  0/1    15:52   1:11   0:00 
Ryan Johansen            1  0  1   0  2   4  0  0  0  0  14/16  20:17   1:11   1:26 
Sonny Milano             0  0  0  -2  0   2  0  0  0  0  0/2    11:51   0:00   0:00 
Yakov Trenin             0  0  0  -2  0   0  0  0  0  0  4/12   11:51   0:00   0:00 

Players Stats for BANFF WOLVES

Player Name              G  A  P  +/- PIM S  H  SB GA TA FO     MP     PP MP  PK MP  
------------------------------------------------------------------------------------
Adam Henrique            1  2  3   2  0   2  0  0  0  0  2/3    15:52   0:00   1:04 
Artemi Panarin           0  0  0  -1  0   1  0  0  0  0  0/3    21:41   2:28   0:00 
Cam Fowler               0  0  0   0  0   3  0  1  0  0  0/0    20:52   0:00   0:55 
Elias Lindholm           0  0  0  -1  0   0  3  0  0  0  22/30  23:02   2:28   1:04 
Eric Staal               0  0  0   0  0   0  0  0  0  0  0/0     3:09   0:00   0:00 
Ian Cole                 0  0  0   2  0   0  0  2  0  0  0/0    12:29   0:00   1:04 
Jason Dickinson          0  0  0   0  0   1  0  0  0  0  0/0     3:09   0:00   0:00 
Joel Eriksson Ek         0  1  1  -1  0   6  2  0  0  0  10/23  23:23   1:30   0:55 
Jordan Staal             1  0  1   3  0   4  1  0  0  0  9/14   13:35   0:00   0:00 
Mats Zuccarello          0  0  0  -1  2   4  3  0  0  0  0/1    20:07   2:28   0:00 
Miro Heiskanen           0  0  0  -1  0   3  0  0  0  0  0/0    25:47   2:02   1:04 
Quinton Hughes           0  0  0  -2  0   2  2  2  0  0  0/0    23:24   2:02   0:00 
Roman Josi               0  2  2   1  0   1  1  1  0  0  0/0    24:07   1:56   0:55 
Roope Hintz              1  0  1   0  0   3  0  0  0  0  1/1    19:08   1:56   0:55 
Simon Benoit             0  1  1   2  0   0  1  0  0  0  0/0    11:25   0:00   0:00 
Timo Meier               0  0  0   0  4   1  0  0  0  0  1/2    17:45   1:30   0:00 
Tyler Toffoli            1  1  2   3  0   3  2  0  0  0  1/2    15:05   1:30   0:00 
Zach Parise              0  0  0   0  0   0  0  0  0  0  0/0     0:00   0:00   0:00 

3 Stars

1 - Adam Henrique (BAN)
2 - Tyler Toffoli (BAN)
3 - Jordan Staal (BAN)

Power Play

CALGARY FIREMEN - 0 on 1 Attempt(s) - 0,00%
BANFF WOLVES - 0 on 2 Attempt(s) - 0,00%

Penalty Kill

CALGARY FIREMEN - 2 on 2 Attempt(s) - 100,00% - Score 0 goal in Penalty Kill
BANFF WOLVES - 1 on 1 Attempt(s) - 100,00% - Score 0 goal in Penalty Kill

Team Stat

CALGARY FIREMEN - Hits : 19 - Faceoff Wins : 33 - Blocked Shots : 9 - Penalty Minutes : 8
BANFF WOLVES - Hits : 15 - Faceoff Wins : 46 - Blocked Shots : 6 - Penalty Minutes : 6

Official

Referees : Francis Charron and Marc Joannette
Linesman : Travis Toomey and Darren Gibbs

Game Notes

Samuel Ersson enters game at 17:44 of 2nd period

Finance

Level 1 -- Attendance: 5943 (84,30%) -- Ticket Income 742 875 $
Level 2 -- Attendance: 5535 (92,93%) -- Ticket Income 553 500 $
Level 3 -- Attendance: 2340 (100,00%) -- Ticket Income 140 400 $
Level 4 -- Attendance: 4776 (95,52%) -- Ticket Income 214 920 $
Luxury Box -- Attendance: 996 (93,52%) -- Ticket Income 273 900 $
Game was played at the Rocky Mountains Sports Complex.
Total Attendance: 19590 (91,50%)
Total Ticket Income: 1 925 595 $
Other Expense: 19 256 $
Total Income: 1 906 339 $

CALGARY FIREMEN

5 vs 5 Forward 
   Center                   Left Wing                Right Wing               Time % Phy DF OF 
 1 Filip Forsberg           Jakob Silfverberg        Mattias Janmark-Nylen    36     1   2  2  
 2 Ryan Johansen            Mason Marchment          Oskar Lindblom           31     1   2  2  
 3 Yakov Trenin             Sonny Milano             Michael McCarron         23     1   2  2  
 4 Brett Howden             Fabian Zetterlund        Connor Brown             10     1   2  2  

5 vs 5 Defense 
   Defense                  Defense                                           Time % Phy DF OF 
 1 Jamie Oleksiak           Jake McCabe                                       36     1   2  2  
 2 Nikita Zadorov           Jordan Oesterle                                   31     1   2  2  
 3 Colton White             Andrej Sustr                                      23     1   2  2  
 4 Jamie Oleksiak           Jake McCabe                                       10     1   2  2  

PowerPlay Forward 
   Center                   Left Wing                Right Wing               Time % Phy DF OF 
 1 Filip Forsberg           Jakob Silfverberg        Mattias Janmark-Nylen    55     1   2  2  
 2 Ryan Johansen            Mason Marchment          Oskar Lindblom           45     1   2  2  

PowerPlay Defense
   Defense                  Defense                                           Time % Phy DF OF 
 1 Jamie Oleksiak           Jake McCabe                                       55     1   2  2  
 2 Nikita Zadorov           Jordan Oesterle                                   45     1   2  2  

Penalty Kill 4 Players Forward 
   Center                   Wing                     Time % Phy DF OF 
 1 Filip Forsberg           Ryan Johansen            55     1   2  2  
 2 Jakob Silfverberg        Mattias Janmark-Nylen    45     1   2  2  

Penalty Kill 4 Players Defense
   Defense                  Defense                  Time % Phy DF OF 
 1 Jamie Oleksiak           Jake McCabe              55     1   2  2  
 2 Nikita Zadorov           Jordan Oesterle          45     1   2  2  

Penalty Kill - 3 Players Forward 
   Forward                                           Time % Phy DF OF 
 1 Filip Forsberg                                    55     1   2  2  
 2 Ryan Johansen                                     45     1   2  2  

Penalty Kill - 3 Players Defense
   Defense                  Defense                  Time % Phy DF OF 
 1 Jamie Oleksiak           Jake McCabe              55     1   2  2  
 2 Nikita Zadorov           Jordan Oesterle          45     1   2  2  

4 vs 4 Forward 
   Center                   Wing                     Time % Phy DF OF 
 1 Filip Forsberg           Ryan Johansen            55     1   2  2  
 2 Jakob Silfverberg        Mattias Janmark-Nylen    45     1   2  2  

4 vs 4 Defense
   Defense                  Defense                  Time % Phy DF OF 
 1 Jamie Oleksiak           Jake McCabe              55     1   2  2  
 2 Nikita Zadorov           Jordan Oesterle          45     1   2  2  

Last Minutes Offensive
   Center                   Left Wing                Right Wing               Defense                  Defense                  
   Filip Forsberg           Jakob Silfverberg        Mattias Janmark-Nylen    Jamie Oleksiak           Jake McCabe              

Last Minutes Defensive
   Center                   Left Wing                Right Wing               Defense                  Defense                  
   Filip Forsberg           Jakob Silfverberg        Mattias Janmark-Nylen    Jamie Oleksiak           Jake McCabe              

Goaltenders
Starting : Kevin Poulin             
Backup : Samuel Ersson            

Extra Forwards
Normal : Yakov Trenin, Sonny Milano, Brett Howden - PP : Yakov Trenin, Sonny Milano - PK : Brett Howden
Extra Defensemen
Normal : Colton White, Andrej Sustr, Nikita Zadorov - PP : Colton White - PK : Andrej Sustr, Nikita Zadorov
Penalty Shots
Filip Forsberg, Ryan Johansen, Jakob Silfverberg, Mattias Janmark-Nylen, Mason Marchment
Custom OT Lines Forwards
Filip Forsberg, Ryan Johansen, Jakob Silfverberg, Mattias Janmark-Nylen, Mason Marchment, Yakov Trenin, Sonny Milano, Brett Howden, Fabian Zetterlund, Oskar Lindblom
Custom OT Lines Defensemen
Jamie Oleksiak, Jake McCabe, Nikita Zadorov, Jordan Oesterle, Colton White

Scratches
Tyler Tullio (Healthy), Liam Foudy (Healthy), Nathan Smith (Healthy), Santtu Kinnunen (Healthy), Garret Sparks (Healthy)

BANFF WOLVES

5 vs 5 Forward 
   Center                   Left Wing                Right Wing               Time % Phy DF OF 
 1 Elias Lindholm           Artemi Panarin           Mats Zuccarello          34     0   1  4  
 2 Joel Eriksson Ek         Roope Hintz              Timo Meier               32     0   1  4  
 3 Jordan Staal             Adam Henrique            Tyler Toffoli            29     0   1  4  
 4 Joel Eriksson Ek         Jason Dickinson          Eric Staal               5      0   4  1  

5 vs 5 Defense 
   Defense                  Defense                                           Time % Phy DF OF 
 1 Quinton Hughes           Miro Heiskanen                                    41     0   1  4  
 2 Roman Josi               Cam Fowler                                        41     0   1  4  
 3 Ian Cole                 Simon Benoit                                      9      1   3  1  
 4 Quinton Hughes           Miro Heiskanen                                    9      0   0  5  

PowerPlay Forward 
   Center                   Left Wing                Right Wing               Time % Phy DF OF 
 1 Elias Lindholm           Artemi Panarin           Mats Zuccarello          60     0   0  5  
 2 Joel Eriksson Ek         Tyler Toffoli            Timo Meier               40     0   0  5  

PowerPlay Defense
   Defense                  Defense                                           Time % Phy DF OF 
 1 Quinton Hughes           Miro Heiskanen                                    60     0   0  5  
 2 Roman Josi               Roope Hintz                                       40     0   0  5  

Penalty Kill 4 Players Forward 
   Center                   Wing                     Time % Phy DF OF 
 1 Joel Eriksson Ek         Roope Hintz              50     0   5  0  
 2 Elias Lindholm           Adam Henrique            50     0   5  0  

Penalty Kill 4 Players Defense
   Defense                  Defense                  Time % Phy DF OF 
 1 Miro Heiskanen           Ian Cole                 50     0   5  0  
 2 Roman Josi               Cam Fowler               50     0   5  0  

Penalty Kill - 3 Players Forward 
   Forward                                           Time % Phy DF OF 
 1 Elias Lindholm                                    50     0   5  0  
 2 Jason Dickinson                                   50     0   5  0  

Penalty Kill - 3 Players Defense
   Defense                  Defense                  Time % Phy DF OF 
 1 Cam Fowler               Roman Josi               50     0   5  0  
 2 Quinton Hughes           Miro Heiskanen           50     0   5  0  

4 vs 4 Forward 
   Center                   Wing                     Time % Phy DF OF 
 1 Elias Lindholm           Artemi Panarin           55     0   1  4  
 2 Joel Eriksson Ek         Mats Zuccarello          45     0   1  4  

4 vs 4 Defense
   Defense                  Defense                  Time % Phy DF OF 
 1 Miro Heiskanen           Roman Josi               55     0   1  4  
 2 Quinton Hughes           Cam Fowler               45     0   1  4  

Last Minutes Offensive
   Center                   Left Wing                Right Wing               Defense                  Defense                  
   Elias Lindholm           Artemi Panarin           Mats Zuccarello          Quinton Hughes           Roman Josi               

Last Minutes Defensive
   Center                   Left Wing                Right Wing               Defense                  Defense                  
   Elias Lindholm           Adam Henrique            Mats Zuccarello          Roman Josi               Miro Heiskanen           

Goaltenders
Starting : Joey Daccord             
Backup : Jordan Binnington        

Extra Forwards
Normal : Artemi Panarin, Mats Zuccarello, Elias Lindholm - PP : Mats Zuccarello, Artemi Panarin - PK : Roope Hintz
Extra Defensemen
Normal : Quinton Hughes, Miro Heiskanen, Roman Josi - PP : Quinton Hughes - PK : Roman Josi, Miro Heiskanen
Penalty Shots
Elias Lindholm, Mats Zuccarello, Artemi Panarin, Joel Eriksson Ek, Roope Hintz
Custom OT Lines Forwards
Artemi Panarin, Mats Zuccarello, Elias Lindholm, Roope Hintz, Joel Eriksson Ek, Adam Henrique, Tyler Toffoli, Jason Dickinson, Timo Meier, Jordan Staal
Custom OT Lines Defensemen
Quinton Hughes, Cam Fowler, Miro Heiskanen, Roman Josi, Simon Benoit

Scratches
Adam Erne (Healthy), Nick Leddy (Broken Bone (Right Leg) Injury), Jeremy Swayman (Healthy)

% Time on Ice - CALGARY FIREMEN

Lines # - Real PCT - Wanted PCT - Time Play
Normal Forward
1 - 33% - 36% - 16:24
2 - 29% - 31% - 14:41
3 - 24% - 23% - 11:51
4 - 14% - 10% - 7:09
Normal Defense
1 - 34% - 36% - 16:49
2 - 33% - 31% - 16:28
3 - 27% - 23% - 13:35
4 - 6% - 10% - 3:13
PP Forward
1 - 40% - 55% - 0:48
2 - 60% - 45% - 1:11
PP Defense
1 - 40% - 55% - 0:48
2 - 60% - 45% - 1:11
PK Forward
1 - 75% - 55% - 2:59
2 - 25% - 45% - 0:59
PK Defense
1 - 52% - 55% - 2:03
2 - 48% - 45% - 1:55
PK3 Forward
1 - 0% - 55%
2 - 0% - 45%
PK3 Defense
1 - 0% - 55%
2 - 0% - 45%
44 Forward
1 - 71% - 55% - 2:50
2 - 29% - 45% - 1:08
44 Defense
1 - 41% - 55% - 1:37
2 - 59% - 45% - 2:21
Last Minute Offensive  - 0:00
Last Minute Defensive  - 0:00
Total
Forward - 60:00
Defense - 60:00

% Time on Ice - BANFF WOLVES

Lines # - Real PCT - Wanted PCT - Time Play
Normal Forward
1 - 34% - 34% - 16:47
2 - 33% - 32% - 16:17
3 - 27% - 29% - 13:35
4 - 6% - 5% - 3:09
Normal Defense
1 - 37% - 41% - 18:28
2 - 37% - 41% - 18:29
3 - 23% - 9% - 11:25
4 - 3% - 9% - 1:26
PP Forward
1 - 62% - 60% - 2:28
2 - 38% - 40% - 1:30
PP Defense
1 - 51% - 60% - 2:02
2 - 49% - 40% - 1:56
PK Forward
1 - 46% - 50% - 0:55
2 - 54% - 50% - 1:04
PK Defense
1 - 54% - 50% - 1:04
2 - 46% - 50% - 0:55
PK3 Forward
1 - 0% - 50%
2 - 0% - 50%
PK3 Defense
1 - 0% - 50%
2 - 0% - 50%
44 Forward
1 - 61% - 55% - 2:26
2 - 39% - 45% - 1:32
44 Defense
1 - 63% - 55% - 2:30
2 - 37% - 45% - 1:28
Last Minute Offensive  - 0:00
Last Minute Defensive  - 0:17
Total
Forward - 60:00
Defense - 60:00

Play-by-Play

1st period


0:01 of 1st period - Elias Lindholm wins face-off versus Filip Forsberg in neutral zone.
0:26 of 1st period - Shot by Filip Forsberg.
0:26 of 1st period - Stopped by Joey Daccord with a rebound.
0:28 of 1st period - Shot by Mattias Janmark-Nylen.
0:28 of 1st period - Shot Misses the Net.
0:30 of 1st period - Shot by Jamie Oleksiak.
0:30 of 1st period - Stopped by Joey Daccord without a rebound.
0:31 of 1st period - Ryan Johansen wins face-off versus Timo Meier in BANFF WOLVES zone.
0:32 of 1st period - Shot by Mason Marchment.
0:32 of 1st period - Shot Misses the Net.
0:39 of 1st period - Minor Penalty to Timo Meier for Interference.
0:39 of 1st period - Minor Penalty to Nikita Zadorov for High sticking.
0:40 of 1st period - Elias Lindholm wins face-off versus Filip Forsberg in CALGARY FIREMEN zone.
1:07 of 1st period - Shot by Roman Josi.
1:07 of 1st period - Stopped by Kevin Poulin without a rebound.
1:08 of 1st period - Joel Eriksson Ek wins face-off versus Jakob Silfverberg in CALGARY FIREMEN zone.
1:13 of 1st period - Shot by Mats Zuccarello.
1:13 of 1st period - Shot Misses the Net.
1:23 of 1st period - Shot by Mattias Janmark-Nylen.
1:23 of 1st period - Stopped by Joey Daccord with a rebound.
1:25 of 1st period - Shot by Jamie Oleksiak.
1:25 of 1st period - Stopped by Joey Daccord without a rebound.
1:26 of 1st period - Elias Lindholm wins face-off versus Filip Forsberg in BANFF WOLVES zone.
1:37 of 1st period - Filip Forsberg is hit by Elias Lindholm.
2:31 of 1st period - Shot by Mats Zuccarello.
2:31 of 1st period - Shot Hit the Post.
2:42 of 1st period - Shot by Jordan Staal.
2:42 of 1st period - Stopped by Kevin Poulin without a rebound.
2:43 of 1st period - Jordan Staal wins face-off versus Yakov Trenin in CALGARY FIREMEN zone.
2:44 of 1st period - Shot by Adam Henrique.
2:44 of 1st period - Shot Blocked by Jamie Oleksiak.
2:46 of 1st period - Shot by Adam Henrique.
2:46 of 1st period - Stopped by Kevin Poulin without a rebound.
2:47 of 1st period - Joel Eriksson Ek wins face-off versus Sonny Milano in CALGARY FIREMEN zone.
3:18 of 1st period - Shot by Roope Hintz.
3:18 of 1st period - Goal by Roope Hintz - CALGARY FIREMEN : 0 - BANFF WOLVES : 1.
3:19 of 1st period - Jordan Staal wins face-off versus Brett Howden in neutral zone.
3:21 of 1st period - Off-side.
3:22 of 1st period - Jordan Staal wins face-off versus Brett Howden in neutral zone.
3:31 of 1st period - Cam Fowler is hit by Brett Howden.
3:50 of 1st period - Shot by Jamie Oleksiak.
3:50 of 1st period - Shot Blocked by Cam Fowler.
4:34 of 1st period - Shot by Mats Zuccarello.
4:34 of 1st period - Shot Misses the Net.
4:36 of 1st period - Shot by Mats Zuccarello.
4:36 of 1st period - Stopped by Kevin Poulin with a rebound.
5:25 of 1st period - Off-side.
5:26 of 1st period - Joel Eriksson Ek wins face-off versus Filip Forsberg in neutral zone.
5:45 of 1st period - Shot by Joel Eriksson Ek.
5:45 of 1st period - Shot Blocked by Colton White.
6:05 of 1st period - Shot by Jason Dickinson.
6:05 of 1st period - Stopped by Kevin Poulin without a rebound.
6:06 of 1st period - Jordan Staal wins face-off versus Sonny Milano in CALGARY FIREMEN zone.
6:13 of 1st period - Shot by Tyler Toffoli.
6:13 of 1st period - Deflect By Adam Henrique.
6:13 of 1st period - Shot Misses the Net.
6:15 of 1st period - Shot by Jordan Staal.
6:15 of 1st period - Stopped by Kevin Poulin without a rebound.
6:16 of 1st period - Brett Howden wins face-off versus Artemi Panarin in CALGARY FIREMEN zone.
6:16 of 1st period - Brett Howden is hit by Mats Zuccarello.
6:30 of 1st period - Shot by Mats Zuccarello.
6:30 of 1st period - Stopped by Kevin Poulin with a rebound.
6:32 of 1st period - Shot by Mats Zuccarello.
6:32 of 1st period - Shot Misses the Net.
7:14 of 1st period - Shot by Joel Eriksson Ek.
7:14 of 1st period - Stopped by Kevin Poulin with a rebound.
7:16 of 1st period - Shot by Joel Eriksson Ek.
7:16 of 1st period - Shot Misses the Net.
7:18 of 1st period - Shot by Cam Fowler.
7:18 of 1st period - Stopped by Kevin Poulin without a rebound.
7:19 of 1st period - Joel Eriksson Ek wins face-off versus Filip Forsberg in CALGARY FIREMEN zone.
7:20 of 1st period - Shot by Timo Meier.
7:20 of 1st period - Shot Misses the Net.
7:30 of 1st period - Shot by Timo Meier.
7:30 of 1st period - Deflect By Joel Eriksson Ek.
7:30 of 1st period - Stopped by Kevin Poulin with a rebound.
7:53 of 1st period - Shot by Timo Meier.
7:53 of 1st period - Stopped by Kevin Poulin with a rebound.
7:55 of 1st period - Shot by Joel Eriksson Ek.
7:55 of 1st period - Deflect By Timo Meier.
7:55 of 1st period - Shot Misses the Net.
7:58 of 1st period - Minor Penalty to Timo Meier for Roughing.
7:59 of 1st period - Ryan Johansen wins face-off versus Elias Lindholm in BANFF WOLVES zone.
9:50 of 1st period - Shot by Ryan Johansen.
9:50 of 1st period - Deflect By Mason Marchment.
9:50 of 1st period - Shot Misses the Net.
9:52 of 1st period - Shot by Oskar Lindblom.
9:52 of 1st period - Deflect By Ryan Johansen.
9:52 of 1st period - Shot Misses the Net.
10:01 of 1st period - Icing by Miro Heiskanen.
10:02 of 1st period - Jordan Staal wins face-off versus Yakov Trenin in BANFF WOLVES zone.
10:02 of 1st period - Jordan Staal is hit by Michael McCarron.
10:25 of 1st period - Icing by Miro Heiskanen.
10:26 of 1st period - Jordan Staal wins face-off versus Brett Howden in BANFF WOLVES zone.
10:38 of 1st period - Icing by Jake McCabe.
10:39 of 1st period - Brett Howden wins face-off versus Joel Eriksson Ek in CALGARY FIREMEN zone.
10:39 of 1st period - Brett Howden is hit by Joel Eriksson Ek.
10:47 of 1st period - Shot by Roope Hintz.
10:47 of 1st period - Shot Blocked by Jamie Oleksiak.
11:17 of 1st period - Icing by Jamie Oleksiak.
11:18 of 1st period - Elias Lindholm wins face-off versus Connor Brown in CALGARY FIREMEN zone.
11:25 of 1st period - Shot by Artemi Panarin.
11:25 of 1st period - Stopped by Kevin Poulin without a rebound.
11:26 of 1st period - Elias Lindholm wins face-off versus Filip Forsberg in CALGARY FIREMEN zone.
13:02 of 1st period - Icing by Cam Fowler.
13:03 of 1st period - Jordan Staal wins face-off versus Yakov Trenin in BANFF WOLVES zone.
13:39 of 1st period - Icing by Jamie Oleksiak.
13:40 of 1st period - Yakov Trenin wins face-off versus Joel Eriksson Ek in CALGARY FIREMEN zone.
15:08 of 1st period - Shot by Jakob Silfverberg.
15:08 of 1st period - Shot Misses the Net.
15:10 of 1st period - Shot by Nikita Zadorov.
15:10 of 1st period - Shot Misses the Net.
15:20 of 1st period - Shot by Filip Forsberg.
15:20 of 1st period - Stopped by Joey Daccord without a rebound.
15:21 of 1st period - Ryan Johansen wins face-off versus Adam Henrique in BANFF WOLVES zone.
15:53 of 1st period - Ryan Johansen is hit by Tyler Toffoli and loses puck.
16:52 of 1st period - Icing by Nikita Zadorov.
16:53 of 1st period - Joel Eriksson Ek wins face-off versus Fabian Zetterlund in CALGARY FIREMEN zone.
16:53 of 1st period - Quinton Hughes is hit by Nikita Zadorov and loses puck.
17:31 of 1st period - Icing by Jake McCabe.
17:32 of 1st period - Elias Lindholm wins face-off versus Jakob Silfverberg in CALGARY FIREMEN zone.
17:41 of 1st period - Shot by Mats Zuccarello.
17:41 of 1st period - Shot Misses the Net.
17:43 of 1st period - Shot by Elias Lindholm.
17:43 of 1st period - Shot Blocked by Jamie Oleksiak.
19:07 of 1st period - Icing by Nikita Zadorov.
19:08 of 1st period - Adam Henrique wins face-off versus Yakov Trenin in CALGARY FIREMEN zone.
19:08 of 1st period - Adam Henrique is hit by Nikita Zadorov.
19:26 of 1st period - Shot by Adam Henrique.
19:26 of 1st period - Deflect By Tyler Toffoli.
19:26 of 1st period - Shot Blocked by Nikita Zadorov.
19:39 of 1st period - Shot by Yakov Trenin.
19:39 of 1st period - Shot Blocked by Roman Josi.
Goals for this period are 0 for CALGARY FIREMEN vs 1 for BANFF WOLVES.
Shots for this period are 5 for CALGARY FIREMEN vs 13 for BANFF WOLVES.

2nd period


0:01 of 2nd period - Filip Forsberg wins face-off versus Joel Eriksson Ek in neutral zone.
0:08 of 2nd period - Shot by Filip Forsberg.
0:08 of 2nd period - Stopped by Joey Daccord without a rebound.
0:09 of 2nd period - Ryan Johansen wins face-off versus Elias Lindholm in BANFF WOLVES zone.
0:19 of 2nd period - Shot by Mason Marchment.
0:19 of 2nd period - Shot Blocked by Quinton Hughes.
0:38 of 2nd period - Shot by Ryan Johansen.
0:38 of 2nd period - Stopped by Joey Daccord without a rebound.
0:39 of 2nd period - Filip Forsberg wins face-off versus Joel Eriksson Ek in BANFF WOLVES zone.
2:56 of 2nd period - Shot by Tyler Toffoli.
2:56 of 2nd period - Stopped by Kevin Poulin with a rebound.
2:58 of 2nd period - Shot by Adam Henrique.
2:58 of 2nd period - Goal by Adam Henrique - CALGARY FIREMEN : 0 - BANFF WOLVES : 2.
2:59 of 2nd period - Roope Hintz wins face-off versus Yakov Trenin in neutral zone.
3:47 of 2nd period - Off-side.
3:48 of 2nd period - Ryan Johansen wins face-off versus Elias Lindholm in neutral zone.
4:00 of 2nd period - Mason Marchment is hit by Quinton Hughes and loses puck.
4:12 of 2nd period - Elias Lindholm is hit by Jamie Oleksiak and loses puck.
5:11 of 2nd period - Brett Howden is hit by Roman Josi and loses puck.
7:28 of 2nd period - Shot by Filip Forsberg.
7:28 of 2nd period - Shot Misses the Net.
8:03 of 2nd period - Artemi Panarin is hit by Mason Marchment and loses puck.
8:10 of 2nd period - Shot by Roman Josi.
8:10 of 2nd period - Shot Misses the Net.
8:51 of 2nd period - Icing by Cam Fowler.
8:52 of 2nd period - Elias Lindholm wins face-off versus Brett Howden in BANFF WOLVES zone.
9:28 of 2nd period - Simon Benoit is hit by Brett Howden and loses puck.
9:43 of 2nd period - Off-side.
9:44 of 2nd period - Filip Forsberg wins face-off versus Joel Eriksson Ek in neutral zone.
9:47 of 2nd period - Quinton Hughes is hit by Filip Forsberg and loses puck.
10:02 of 2nd period - Mattias Janmark-Nylen is hit by Joel Eriksson Ek and loses puck.
10:51 of 2nd period - Icing by Yakov Trenin.
10:52 of 2nd period - Yakov Trenin wins face-off versus Jordan Staal in CALGARY FIREMEN zone.
11:39 of 2nd period - Shot by Tyler Toffoli.
11:39 of 2nd period - Goal by Tyler Toffoli - CALGARY FIREMEN : 0 - BANFF WOLVES : 3.
11:40 of 2nd period - Ryan Johansen wins face-off versus Mats Zuccarello in neutral zone.
11:42 of 2nd period - Mason Marchment is hit by Mats Zuccarello and loses puck.
11:50 of 2nd period - Shot by Mason Marchment.
11:50 of 2nd period - Shot Blocked by Ian Cole.
11:52 of 2nd period - Shot by Jordan Oesterle.
11:52 of 2nd period - Shot Misses the Net.
11:54 of 2nd period - Shot by Jordan Oesterle.
11:54 of 2nd period - Deflect By Ryan Johansen.
11:54 of 2nd period - Stopped by Joey Daccord without a rebound.
11:55 of 2nd period - Joel Eriksson Ek wins face-off versus Filip Forsberg in BANFF WOLVES zone.
11:57 of 2nd period - Icing by Miro Heiskanen.
11:58 of 2nd period - Ryan Johansen wins face-off versus Joel Eriksson Ek in BANFF WOLVES zone.
11:59 of 2nd period - Shot by Mason Marchment.
11:59 of 2nd period - Deflect By Ryan Johansen.
11:59 of 2nd period - Stopped by Joey Daccord with a rebound.
12:06 of 2nd period - Quinton Hughes is hit by Jordan Oesterle and loses puck.
12:10 of 2nd period - Joel Eriksson Ek is hit by Nikita Zadorov.
12:39 of 2nd period - Joel Eriksson Ek is hit by Nikita Zadorov and loses puck.
12:57 of 2nd period - Minor Penalty to Ryan Johansen for Holding.
12:58 of 2nd period - Elias Lindholm wins face-off versus Jakob Silfverberg in CALGARY FIREMEN zone.
13:52 of 2nd period - Shot by Quinton Hughes.
13:52 of 2nd period - Shot Blocked by Jamie Oleksiak.
14:22 of 2nd period - Shot by Quinton Hughes.
14:22 of 2nd period - Stopped by Kevin Poulin without a rebound.
14:23 of 2nd period - Elias Lindholm wins face-off versus Filip Forsberg in CALGARY FIREMEN zone.
14:38 of 2nd period - Shot by Miro Heiskanen.
14:38 of 2nd period - Stopped by Kevin Poulin with a rebound.
14:40 of 2nd period - Shot by Artemi Panarin.
14:40 of 2nd period - Shot Misses the Net.
14:44 of 2nd period - Shot by Mats Zuccarello.
14:44 of 2nd period - Stopped by Kevin Poulin with a rebound.
14:46 of 2nd period - Shot by Miro Heiskanen.
14:46 of 2nd period - Shot Misses the Net.
14:48 of 2nd period - Shot by Miro Heiskanen.
14:48 of 2nd period - Shot Misses the Net.
14:50 of 2nd period - Shot by Miro Heiskanen.
14:50 of 2nd period - Stopped by Kevin Poulin without a rebound.
14:51 of 2nd period - Filip Forsberg wins face-off versus Joel Eriksson Ek in CALGARY FIREMEN zone.
15:08 of 2nd period - Shot by Tyler Toffoli.
15:08 of 2nd period - Shot Misses the Net.
15:10 of 2nd period - Shot by Cam Fowler.
15:10 of 2nd period - Stopped by Kevin Poulin with a rebound.
16:11 of 2nd period - Icing by Ian Cole.
16:12 of 2nd period - Filip Forsberg wins face-off versus Joel Eriksson Ek in BANFF WOLVES zone.
16:12 of 2nd period - Jakob Silfverberg is hit by Simon Benoit and loses puck.
16:32 of 2nd period - Icing by Ian Cole.
16:33 of 2nd period - Joel Eriksson Ek wins face-off versus Brett Howden in BANFF WOLVES zone.
16:46 of 2nd period - Shot by Joel Eriksson Ek.
16:46 of 2nd period - Shot Blocked by Brett Howden.
16:50 of 2nd period - Shot by Joel Eriksson Ek.
16:50 of 2nd period - Stopped by Kevin Poulin without a rebound.
16:51 of 2nd period - Elias Lindholm wins face-off versus Filip Forsberg in CALGARY FIREMEN zone.
17:11 of 2nd period - Shot by Jakob Silfverberg.
17:11 of 2nd period - Stopped by Joey Daccord with a rebound.
17:18 of 2nd period - Off-side.
17:19 of 2nd period - Ryan Johansen wins face-off versus Jordan Staal in neutral zone.
17:44 of 2nd period - Shot by Jordan Staal.
17:44 of 2nd period - Goal by Jordan Staal - CALGARY FIREMEN : 0 - BANFF WOLVES : 4.
17:44 of 2nd period - Samuel Ersson enters game.
17:45 of 2nd period - Elias Lindholm wins face-off versus Filip Forsberg in neutral zone.
18:44 of 2nd period - Roope Hintz is hit by Filip Forsberg and loses puck.
18:48 of 2nd period - Icing by Roman Josi.
18:49 of 2nd period - Ryan Johansen wins face-off versus Joel Eriksson Ek in BANFF WOLVES zone.
19:08 of 2nd period - Shot by Roope Hintz.
19:08 of 2nd period - Shot Misses the Net.
19:50 of 2nd period - Icing by Simon Benoit.
19:51 of 2nd period - Jordan Staal wins face-off versus Yakov Trenin in BANFF WOLVES zone.
Goals for this period are 0 for CALGARY FIREMEN vs 3 for BANFF WOLVES.
Shots for this period are 5 for CALGARY FIREMEN vs 10 for BANFF WOLVES.

3rd period


0:01 of 3rd period - Elias Lindholm wins face-off versus Filip Forsberg in neutral zone.
0:46 of 3rd period - Jamie Oleksiak is hit by Mats Zuccarello and loses puck.
1:05 of 3rd period - Shot by Roope Hintz.
1:05 of 3rd period - Stopped by Samuel Ersson without a rebound.
1:06 of 3rd period - Ryan Johansen wins face-off versus Jordan Staal in CALGARY FIREMEN zone.
1:38 of 3rd period - Shot by Adam Henrique.
1:38 of 3rd period - Deflect By Tyler Toffoli.
1:38 of 3rd period - Stopped by Samuel Ersson without a rebound.
1:39 of 3rd period - Yakov Trenin wins face-off versus Joel Eriksson Ek in CALGARY FIREMEN zone.
1:45 of 3rd period - Shot by Sonny Milano.
1:45 of 3rd period - Stopped by Joey Daccord with a rebound.
2:06 of 3rd period - Shot by Yakov Trenin.
2:06 of 3rd period - Shot Hit the Post.
2:08 of 3rd period - Shot by Sonny Milano.
2:08 of 3rd period - Shot Misses the Net.
2:10 of 3rd period - Shot by Sonny Milano.
2:10 of 3rd period - Shot Misses the Net.
2:33 of 3rd period - Shot by Fabian Zetterlund.
2:33 of 3rd period - Shot Misses the Net.
2:43 of 3rd period - Shot by Fabian Zetterlund.
2:43 of 3rd period - Stopped by Joey Daccord with a rebound.
2:45 of 3rd period - Shot by Fabian Zetterlund.
2:45 of 3rd period - Shot Hit the Post.
2:47 of 3rd period - Shot by Nikita Zadorov.
2:47 of 3rd period - Shot Blocked by Ian Cole.
2:49 of 3rd period - Shot by Fabian Zetterlund.
2:49 of 3rd period - Deflect By Brett Howden.
2:49 of 3rd period - Stopped by Joey Daccord with a rebound.
2:51 of 3rd period - Shot by Brett Howden.
2:51 of 3rd period - Deflect By Fabian Zetterlund.
2:51 of 3rd period - Shot Misses the Net.
2:53 of 3rd period - Shot by Nikita Zadorov.
2:53 of 3rd period - Stopped by Joey Daccord without a rebound.
2:54 of 3rd period - Elias Lindholm wins face-off versus Filip Forsberg in BANFF WOLVES zone.
2:54 of 3rd period - Miro Heiskanen is hit by Jakob Silfverberg and loses puck.
2:58 of 3rd period - Icing by Quinton Hughes.
2:59 of 3rd period - Filip Forsberg wins face-off versus Artemi Panarin in BANFF WOLVES zone.
3:00 of 3rd period - Shot by Jakob Silfverberg.
3:00 of 3rd period - Shot Blocked by Quinton Hughes.
3:02 of 3rd period - Shot by Jamie Oleksiak.
3:02 of 3rd period - Goal by Jamie Oleksiak - CALGARY FIREMEN : 1 - BANFF WOLVES : 4.
3:03 of 3rd period - Elias Lindholm wins face-off versus Filip Forsberg in neutral zone.
3:06 of 3rd period - Filip Forsberg is hit by Elias Lindholm and loses puck.
3:42 of 3rd period - Icing by Mats Zuccarello.
3:43 of 3rd period - Ryan Johansen wins face-off versus Elias Lindholm in BANFF WOLVES zone.
3:45 of 3rd period - Oskar Lindblom is hit by Quinton Hughes and loses puck.
4:33 of 3rd period - Tyler Toffoli is hit by Nikita Zadorov and loses puck.
4:36 of 3rd period - Shot by Adam Henrique.
4:36 of 3rd period - Shot Misses the Net.
4:38 of 3rd period - Shot by Cam Fowler.
4:38 of 3rd period - Stopped by Samuel Ersson without a rebound.
4:39 of 3rd period - Filip Forsberg wins face-off versus Joel Eriksson Ek in CALGARY FIREMEN zone.
4:46 of 3rd period - Shot by Roope Hintz.
4:46 of 3rd period - Deflect By Joel Eriksson Ek.
4:46 of 3rd period - Stopped by Samuel Ersson with a rebound.
5:08 of 3rd period - Shot by Filip Forsberg.
5:08 of 3rd period - Shot Misses the Net.
5:10 of 3rd period - Shot by Mattias Janmark-Nylen.
5:10 of 3rd period - Stopped by Joey Daccord without a rebound.
5:11 of 3rd period - Yakov Trenin wins face-off versus Jordan Staal in BANFF WOLVES zone.
6:21 of 3rd period - Shot by Brett Howden.
6:21 of 3rd period - Shot Misses the Net.
6:23 of 3rd period - Shot by Jamie Oleksiak.
6:23 of 3rd period - Stopped by Joey Daccord without a rebound.
6:24 of 3rd period - Joel Eriksson Ek wins face-off versus Filip Forsberg in BANFF WOLVES zone.
6:24 of 3rd period - Joel Eriksson Ek is hit by Jakob Silfverberg.
6:51 of 3rd period - Joel Eriksson Ek is hit by Nikita Zadorov and loses puck.
6:56 of 3rd period - Shot by Joel Eriksson Ek.
6:56 of 3rd period - Stopped by Samuel Ersson without a rebound.
6:57 of 3rd period - Elias Lindholm wins face-off versus Ryan Johansen in CALGARY FIREMEN zone.
7:09 of 3rd period - Icing by Jake McCabe.
7:10 of 3rd period - Mason Marchment wins face-off versus Tyler Toffoli in CALGARY FIREMEN zone.
7:10 of 3rd period - Mason Marchment is hit by Jordan Staal.
7:15 of 3rd period - Icing by Ryan Johansen.
7:16 of 3rd period - Ryan Johansen wins face-off versus Elias Lindholm in CALGARY FIREMEN zone.
7:23 of 3rd period - Shot by Jake McCabe.
7:23 of 3rd period - Stopped by Joey Daccord without a rebound.
7:24 of 3rd period - Elias Lindholm wins face-off versus Filip Forsberg in BANFF WOLVES zone.
7:50 of 3rd period - Shot by Mattias Janmark-Nylen.
7:50 of 3rd period - Deflect By Filip Forsberg.
7:50 of 3rd period - Stopped by Joey Daccord without a rebound.
7:51 of 3rd period - Ryan Johansen wins face-off versus Joel Eriksson Ek in BANFF WOLVES zone.
7:52 of 3rd period - Shot by Mason Marchment.
7:52 of 3rd period - Shot Misses the Net.
7:54 of 3rd period - Shot by Mason Marchment.
7:54 of 3rd period - Deflect By Ryan Johansen.
7:54 of 3rd period - Goal by Ryan Johansen - CALGARY FIREMEN : 2 - BANFF WOLVES : 4.
7:55 of 3rd period - Timo Meier wins face-off versus Oskar Lindblom in neutral zone.
8:26 of 3rd period - Icing by Mason Marchment.
8:27 of 3rd period - Ryan Johansen wins face-off versus Elias Lindholm in CALGARY FIREMEN zone.
8:49 of 3rd period - Icing by Miro Heiskanen.
8:50 of 3rd period - Elias Lindholm wins face-off versus Filip Forsberg in BANFF WOLVES zone.
8:55 of 3rd period - Jamie Oleksiak is hit by Elias Lindholm and loses puck.
9:18 of 3rd period - Shot by Jakob Silfverberg.
9:18 of 3rd period - Stopped by Joey Daccord without a rebound.
9:19 of 3rd period - Adam Henrique wins face-off versus Yakov Trenin in BANFF WOLVES zone.
9:50 of 3rd period - Shot by Adam Henrique.
9:50 of 3rd period - Shot Misses the Net.
9:52 of 3rd period - Shot by Jordan Staal.
9:52 of 3rd period - Stopped by Samuel Ersson without a rebound.
9:53 of 3rd period - Filip Forsberg wins face-off versus Joel Eriksson Ek in CALGARY FIREMEN zone.
10:23 of 3rd period - Shot by Filip Forsberg.
10:23 of 3rd period - Deflect By Mattias Janmark-Nylen.
10:23 of 3rd period - Shot Misses the Net.
10:25 of 3rd period - Shot by Jamie Oleksiak.
10:25 of 3rd period - Shot Misses the Net.
10:27 of 3rd period - Shot by Mattias Janmark-Nylen.
10:27 of 3rd period - Shot Misses the Net.
10:34 of 3rd period - Minor Penalty to Filip Forsberg for Interference.
10:35 of 3rd period - Elias Lindholm wins face-off versus Brett Howden in CALGARY FIREMEN zone.
10:36 of 3rd period - Shot by Roope Hintz.
10:36 of 3rd period - Stopped by Samuel Ersson without a rebound.
10:37 of 3rd period - Brett Howden wins face-off versus Artemi Panarin in CALGARY FIREMEN zone.
11:50 of 3rd period - Mattias Janmark-Nylen is hit by Tyler Toffoli.
12:04 of 3rd period - Shot by Quinton Hughes.
12:04 of 3rd period - Stopped by Samuel Ersson without a rebound.
12:05 of 3rd period - Tyler Toffoli wins face-off versus Brett Howden in CALGARY FIREMEN zone.
12:23 of 3rd period - Off-side.
12:24 of 3rd period - Brett Howden wins face-off versus Elias Lindholm in neutral zone.
12:27 of 3rd period - Mats Zuccarello is hit by Brett Howden and loses puck.
12:40 of 3rd period - Shot by Joel Eriksson Ek.
12:40 of 3rd period - Stopped by Samuel Ersson with a rebound.
12:59 of 3rd period - Shot by Sonny Milano.
12:59 of 3rd period - Stopped by Joey Daccord without a rebound.
13:00 of 3rd period - Mattias Janmark-Nylen wins face-off versus Jordan Staal in BANFF WOLVES zone.
13:15 of 3rd period - Shot by Filip Forsberg.
13:15 of 3rd period - Stopped by Joey Daccord without a rebound.
13:16 of 3rd period - Brett Howden wins face-off versus Elias Lindholm in BANFF WOLVES zone.
13:43 of 3rd period - Icing by Miro Heiskanen.
13:44 of 3rd period - Elias Lindholm wins face-off versus Filip Forsberg in BANFF WOLVES zone.
13:44 of 3rd period - Elias Lindholm is hit by Filip Forsberg.
14:05 of 3rd period - Shot by Mats Zuccarello.
14:05 of 3rd period - Stopped by Samuel Ersson without a rebound.
14:06 of 3rd period - Jordan Staal wins face-off versus Ryan Johansen in CALGARY FIREMEN zone.
15:25 of 3rd period - Shot by Jakob Silfverberg.
15:25 of 3rd period - Stopped by Joey Daccord without a rebound.
15:26 of 3rd period - Elias Lindholm wins face-off versus Yakov Trenin in BANFF WOLVES zone.
15:26 of 3rd period - Elias Lindholm is hit by Michael McCarron.
16:14 of 3rd period - Minor Penalty to Mats Zuccarello for Roughing.
16:14 of 3rd period - Minor Penalty to Andrej Sustr for Holding.
16:15 of 3rd period - Elias Lindholm wins face-off versus Filip Forsberg in CALGARY FIREMEN zone.
16:32 of 3rd period - Shot by Elias Lindholm.
16:32 of 3rd period - Shot Blocked by Jake McCabe.
16:34 of 3rd period - Shot by Miro Heiskanen.
16:34 of 3rd period - Stopped by Samuel Ersson without a rebound.
16:35 of 3rd period - Joel Eriksson Ek wins face-off versus Filip Forsberg in CALGARY FIREMEN zone.
16:43 of 3rd period - Shot by Filip Forsberg.
16:43 of 3rd period - Goal by Filip Forsberg - CALGARY FIREMEN : 3 - BANFF WOLVES : 4.
16:44 of 3rd period - Joel Eriksson Ek wins face-off versus Filip Forsberg in neutral zone.
17:05 of 3rd period - Shot by Joel Eriksson Ek.
17:05 of 3rd period - Shot Blocked by Nikita Zadorov.
17:30 of 3rd period - Off-side.
17:31 of 3rd period - Elias Lindholm wins face-off versus Jakob Silfverberg in neutral zone.
19:09 of 3rd period - CALGARY FIREMEN, Samuel Ersson is pulled from the net.
Goals for this period are 3 for CALGARY FIREMEN vs 0 for BANFF WOLVES.
Shots for this period are 15 for CALGARY FIREMEN vs 11 for BANFF WOLVES.


YEGOR
SHARANGOVICH
ALEX
IAFALLO
JAKOB
CHYCHRUN

EAST COAST

HOCKEY LEAGUE

  • 65.QUE3CHW1
  • 66.CHA1TRV6
  • 67.PITRHI
  • 68.ATLWOR